 Dungeon Crawl Stone Soup version 0.16.1-11-g651b585 (webtiles) character file.

21 sugabear the Charmwright (level 2, 0/22 HPs)
             Began as a Vine Stalker Skald on Apr 5, 2015.
             Succumbed to an adder's poison
             ... on level 2 of the Dungeon.
             The game lasted 00:01:30 (835 turns).

sugabear the Charmwright (Vine Stalker Skald)        Turns: 835, Time: 00:01:30

Health: 0/22       AC: 21    Str: 14    XL:     2   Next: 83%
Magic:  0/6        EV:  2    Int: 17    God:
Gold:   61         SH:  0    Dex: 13    Spells: 2 memorised, 2 levels left

rFire  . . .     SeeInvis .     a - +0 falchion
rCold  . . .     Clarity  .     b - melded +0 leather armour
rNeg   + + +     SustAb   .     (no shield)
rPois  +         Gourm    .     (helmet currently unavailable)
rElec  .         Spirit   +     (cloak currently unavailable)
rCorr  .         Warding  .     (gloves currently unavailable)
rMut   +         NoTele   +     (boots currently unavailable)
MR     .....                    e - amulet of resist mutation
Stlth  +.........               (no ring)
                                j - ring of wizardry

@: brilliant, lethally poisoned (0 -> -4), tree-form, singing, not resistant to
hostile enchantments, very unstealthy
A: (fangs 0), regeneration 1, magic shield, (antimagic bite), no device heal 3,
rot immunity
a: Stop Singing


You were on level 2 of the Dungeon.
You were not hungry.
You were a tree.
You visited 1 branch of the dungeon, and saw 2 of its levels.

You collected 61 gold pieces.

Inventory:

Hand weapons
 a - a +0 falchion (weapon)
Armour
 b - a +0 leather armour (melded)
Jewellery
 e - an amulet of resist mutation (around neck)
 j - a ring of wizardry (left branch)
Scrolls
 h - 2 scrolls of recharging {unknown}
 k - 3 scrolls of teleportation {unknown}
Potions
 m - a potion of brilliance
Books
 c - a book of Battle

   Spells                             Type                      Level
   a - Infusion                       Charms                       1
   b - Shroud of Golubria             Charms/Translocation         2
   c - Song of Slaying                Charms                       2
   d - Spectral Weapon                Hexes/Charms                 3
   e - Regeneration                   Charms/Necromancy            3
Comestibles
 d - a bread ration
 f - 2 meat rations


   Skills:
 + Level 2.1 Fighting
 + Level 1.7 Long Blades
 + Level 1.0 Armour
 + Level 1.0 Dodging
 * Level 0.3 Stealth
 + Level 2.3 Spellcasting
 + Level 3.3 Charms


You had 2 spell levels left.
You knew the following spells:

 Your Spells              Type           Power        Failure   Level  Hunger
a - Infusion              Chrm           ###...       1%          1    #......
b - Song of Slaying       Chrm           ###.....     1%          2    ##.....


Dungeon Overview and Level Annotations

Branches:
Dungeon (2/15)

Altars:


Innate Abilities, Weirdness & Mutations

((You have extremely sharp teeth.))
Your natural rate of healing is unusually fast.
When hurt, damage is shared between your health and your magic reserves.
((Your bite disrupts and absorbs the magic of your enemies.))
Potions and wands cannot restore your health.
You are immune to rotting.


Message History

Your Armour skill increases to level 1!
Your Dodging skill increases to level 1!
* * * LOW HITPOINT WARNING * * *
You feel sick.
You cannot move.
You cannot move.
You cannot move.
Drink which item? (? for menu, Esc to quit)
It was a potion of mutation.
You feel extremely strange.
* * * LOW HITPOINT WARNING * * *
You feel sick.
Drink which item? (? for menu, Esc to quit)
It was a potion of heal wounds.
That seemed strangely inert.
There is a lethal amount of poison in your body!
There is a lethal amount of poison in your body!
You cannot move.
You cannot move.
You cannot move.
You cannot move.
You die...

# #). #.# ... #.#
#.# #.#
#####.#######.#
#....?.♣†.....#
#.###.######..#
#.# #. ##.##
####.##...##
...........####..
..................
####.......#.....
#..#...##.##.


There were no monsters in sight!

Vanquished Creatures
  An adder (D:2)
  A ball python (D:1)
  3 goblins
  3 bats (D:1)
  3 kobolds
11 creatures vanquished.

Notes
Turn   | Place    | Note
--------------------------------------------------------------
     0 | D:1      | sugabear, the Vine Stalker Skald, began the quest for the Orb.
     0 | D:1      | Reached XP level 1. HP: 11/11 MP: 3/3
   431 | D:1      | Reached XP level 2. HP: 9/15 MP: 3/5
   435 | D:1      | Learned a level 2 spell: Song of Slaying
   832 | D:2      | Reached skill level 1 in Armour
   832 | D:2      | Reached skill level 1 in Dodging
   833 | D:2      | HP: 1/22 [poisoned by an adder]
   835 | D:2      | Succumbed to an adder's poison

Action                   || total
-------------------------++-------
Melee: Falchion          ||    35
 Cast: Infusion          ||     2
       Song of Slaying   ||     1
  Use: Potion            ||     4
